 Dungeon Crawl Stone Soup version 0.17-a0-1197-g2d00c63 (webtiles) character file.

11003 Fluffy the Protected (level 11, -10/101 HPs)
             Began as a Minotaur Fighter on June 2, 2015.
             Was a High Priest of Okawaru.
             Mangled by a skeletal warrior
             ... wielding a +0 battleaxe
              (23 damage)
             ... on level 11 of the Dungeon.
             The game lasted 00:29:58 (12121 turns).

Fluffy the Protected (Minotaur Fighter)            Turns: 12121, Time: 00:29:58

Health: -10/101    AC: 20    Str: 20    XL:     11   Next: 43%
Magic:  14/14      EV: 17    Int:  5    God:    Okawaru [*****.]
Gold:   629        SH:  0    Dex: 19    Spells: 0 memorised, 10 levels left

rFire  + . .     SeeInvis .     J - +3 falchion (holy)
rCold  + . .     Clarity  .     G - +0 chain mail {rF+}
rNeg   + . .     SustAt   .     (no shield)
rPois  .         Gourm    .     (helmet restricted)
rElec  .         Spirit   .     t - +0 cloak
rCorr  .         Warding  .     h - +2 pair of gloves
rMut   .         Stasis   .     P - +0 pair of boots
MR     .....                    (no amulet)
Stlth  +.........               w - ring of positive energy
                                m - ring of protection from cold (curse)

@: agile, heroism, not resistant to hostile enchantments, very unstealthy
A: retaliatory headbutt, horns 2
a: Heroism, Finesse, Renounce Religion


You were on level 11 of the Dungeon.
You worshipped Okawaru.
Okawaru was extremely pleased with you.
You were not hungry.

You visited 2 branches of the dungeon, and saw 12 of its levels.

You collected 629 gold pieces.

Inventory:

Hand weapons
 d - a +2 great sword of freezing
 J - a +3 falchion of holy wrath (weapon)
Armour
 c - a +0 shield
 h - a +2 pair of gloves (worn)
 t - a +0 cloak (worn)
 G - a +0 chain mail of fire resistance (worn)
 P - a +0 pair of boots (worn)
Jewellery
 g - an uncursed ring of see invisible
 m - a cursed ring of protection from cold (left hand)
 w - a ring of positive energy (right hand)
 y - an uncursed ring of protection from cold
Magical devices
 n - a wand of flame (7)
 p - a wand of teleportation (9)
 v - a wand of flame (6)
 D - a wand of flame (34)
 O - a wand of fireball (7)
 Q - a wand of invisibility (4)
Scrolls
 f - 3 scrolls of remove curse
 k - a scroll of fog
 u - 2 scrolls of magic mapping
 z - a scroll of blinking
 A - 2 scrolls of recharging
Potions
 a - a potion of might
 j - 4 potions of flight
 l - 3 potions of brilliance
 o - a potion of invisibility
 q - 3 potions of curing
 r - 2 potions of resistance
 s - 2 potions of agility
 x - a potion of heal wounds
 B - 2 potions of magic {unknown}
 C - 2 potions of ambrosia {unknown}
 E - 2 potions of haste {unknown}
 H - a potion of cancellation {unknown}
 I - 2 potions of degeneration {unknown}
 N - 2 potions of berserk rage {unknown}
Comestibles
 b - 5 fruits
 e - 8 bread rations
 i - 2 meat rations
 L - 6 beef jerkies


   Skills:
 + Level 10.8(15.8) Fighting
 + Level 10.4(15.4) Long Blades
 + Level 10.8(15.8) Armour
 - Level 1.4(6.4) Dodging
 - Level 0.5(5.5) Stealth
 - Level 10.3(15.3) Shields
 + Level 6.5 Invocations
 - Level 0.1 Evocations


You had 10 spell levels left.
You didn't know any spells.

Dungeon Overview and Level Annotations

Branches:
Dungeon (11/15)            Temple (1/1) D:6            Lair (0/8) D:9
    Orc: D:9-12

Altars:
Ashenzari
Cheibriados
Dithmenos
Elyvilon
Fedhas
Gozag
Kikubaaqudgha
Makhleb
Nemelex Xobeh
Okawaru
Qazlal
Ru
Sif Muna
Trog
Vehumet
Xom
Yredelemnul
Zin
The Shining One

Annotations:
D:8 exclusion: oklob plant


Innate Abilities, Weirdness & Mutations

You reflexively headbutt those who attack you in melee.
You have a pair of horns on your head.


Message History

Okawaru grants you a gift!
You hit the skeletal warrior but do no damage.
The skeletal warrior is moderately damaged.
You hit the skeletal warrior but do no damage.
The skeletal warrior is moderately damaged.
The skeletal warrior hits you but does no damage.
You hit the skeletal warrior but do no damage.
The skeletal warrior is moderately damaged.
You hit the skeletal warrior.
The skeletal warrior convulses.
Your headbutt misses the skeletal warrior.
The skeletal warrior is moderately damaged.
The skeletal warrior hits you with a battleaxe!
* * * LOW HITPOINT WARNING * * *
You hit the skeletal warrior but do no damage.
The skeletal warrior is moderately damaged.
You slash the skeletal warrior!
The skeletal warrior convulses!
You headbutt the skeletal warrior.
The skeletal warrior is severely damaged.
The skeletal warrior hits you with a battleaxe!!
You die...

#..####..#
#..####..###
#..>........
#.z.......##
#.........#
#z........#
#..##.....##
#.z##)......
#.zz@.......
############


You could see a skeletal warrior and 2 wights.

Vanquished Creatures
  2 skeletal warriors (D:11)
  An ugly thing (D:11)
  Joseph (D:7)
  A gargoyle (D:10)
  3 kobold demonologists (D:10)
  2 two-headed ogres
  Prince Ribbit (D:7)
  3 wyverns
  2 hippogriffs
  Grum (D:9)
  6 yaks (D:10)
  2 wolves (D:9)
  Duvessa (D:7)
  2 ice beasts
  2 orc warriors
  5 sky beasts
  A water moccasin (D:5)
  A phantom (D:4)
  A black bear (D:8)
  2 big kobolds
  6 ogres
  The ghost of Charly the Chopper, an average GrBe of Trog (D:5)
  2 centaurs
  4 giant frogs
  Blork the orc (D:6)
  A gnoll sergeant (D:8)
  Dowan (D:7)
  5 killer bees
  2 scorpions
  A wyvern skeleton (D:10)
  9 wights
  The ghost of Charly the Skirmisher, a weakling GrBe of Trog (D:3)
  5 crimson imps
  4 orc priests
  2 centaur zombies
  6 hounds
  Crazy Yiuf (D:2)
  2 centaur skeletons
  Ijyb (D:2)
  3 jellies
  3 giant frog skeletons
  Natasha (thrice) (D:3)
  4 iguanas
  8 orc wizards
  9 worker ants
  A hound skeleton (D:8)
  2 worker ant zombies
  9 adders
  10 gnolls
  A white imp (D:3)
  2 shadow imps
  4 oozes
  2 adder skeletons (D:7)
  5 worms
  10 giant geckos
  58 orcs
  A bat zombie (D:6)
  7 giant cockroaches
  17 hobgoblins
  19 jackals
  17 kobolds
  7 quokkas
  4 ball pythons
  16 bats
  A giant newt (D:1)
  16 goblins
  A quokka skeleton (D:5)
  A quokka zombie (D:8)
  11 rats
347 creatures vanquished.

Notes
Turn   | Place    | Note
--------------------------------------------------------------
     0 | D:1      | Fluffy the Minotaur Fighter began the quest for the Orb.
     0 | D:1      | Reached XP level 1. HP: 19/19 MP: 0/0
    88 | D:1      | Reached XP level 2. HP: 25/27 MP: 1/1
    91 | D:1      | Reached skill level 4 in Shields
  1015 | D:2      | Reached XP level 3. HP: 33/33 MP: 2/2
  1202 | D:2      | Noticed Ijyb
  1218 | D:2      | Killed Ijyb
  1543 | D:2      | Reached XP level 4. HP: 40/40 MP: 3/3
  2065 | D:2      | Noticed Crazy Yiuf
  2071 | D:2      | Killed Crazy Yiuf
  2071 | D:2      | Reached skill level 1 in Dodging
  2379 | D:3      | Noticed Charly's ghost (weakling GrBe)
  2391 | D:3      | Killed Charly's ghost
  2391 | D:3      | Reached skill level 5 in Shields
  2391 | D:3      | Reached XP level 5. HP: 14/46 MP: 4/4
  2767 | D:3      | Noticed Natasha
  2792 | D:3      | Killed Natasha
  2799 | D:3      | Noticed Natasha
  2804 | D:3      | Killed Natasha
  2882 | D:3      | Noticed Natasha
  2885 | D:3      | Killed Natasha
  3038 | D:3      | Reached skill level 5 in Armour
  3192 | D:4      | Noticed a phantom
  3210 | D:4      | Killed a phantom
  3210 | D:4      | Reached XP level 6. HP: 42/55 MP: 5/5
  3220 | D:4      | Reached skill level 5 in Fighting
  3668 | D:4      | Reached skill level 6 in Shields
  3668 | D:4      | Reached XP level 7. HP: 39/61 MP: 6/6
  3896 | D:5      | Entered Level 5 of the Dungeon
  3962 | D:5      | Noticed Charly's ghost (average GrBe)
  3969 | D:5      | Killed Charly's ghost
  4280 | D:5      | Found a sacrificial altar of Ru.
  4305 | D:5      | Reached skill level 5 in Long Blades
  4926 | D:5      | Reached skill level 7 in Shields
  4926 | D:5      | Reached XP level 8. HP: 47/71 MP: 7/7
  5886 | D:6      | Found a staircase to the Ecumenical Temple.
  6648 | D:6      | Noticed Blork the orc
  6662 | D:6      | Killed Blork the orc
  6970 | D:6      | Reached skill level 8 in Shields
  7191 | D:7      | Reached XP level 9. HP: 79/79 MP: 8/8
  7205 | Temple   | Entered the Ecumenical Temple
  7222 | Temple   | Became a worshipper of Warmaster Okawaru
  7369 | D:7      | Noticed Joseph
  7400 | D:7      | Killed Joseph
  7400 | D:7      | Reached skill level 1 in Invocations
  7796 | D:7      | Noticed Dowan
  7804 | D:7      | Noticed Duvessa
  7815 | D:7      | Killed Duvessa
  7815 | D:7      | Acquired Okawaru's first power
  7822 | D:7      | Killed Dowan
  7969 | D:7      | Noticed Prince Ribbit
  7994 | D:7      | HP: 3/81 [Prince Ribbit (15)]
  7996 | D:7      | Killed Prince Ribbit
  8432 | D:7      | Found a shadowy altar of Dithmenos.
  8721 | D:8      | Reached skill level 9 in Shields
  9509 | D:8      | Reached XP level 10. HP: 91/91 MP: 11/11
  9693 | D:8      | Found a burning altar of Makhleb.
  9693 | D:8      | Noticed an oklob plant
  9979 | D:9      | Noticed Grum
 10003 | D:9      | Killed Grum
 10358 | D:9      | Found a staircase to the Lair.
 10801 | D:10     | Entered Level 10 of the Dungeon
 10911 | D:10     | Reached skill level 10 in Shields
 10951 | D:10     | Reached skill level 10 in Fighting
 10951 | D:10     | Reached skill level 5 in Invocations
 11001 | D:10     | Reached skill level 10 in Armour
 11324 | D:10     | Reached XP level 11. HP: 19/100 MP: 14/14
 11708 | D:10     | Acquired Okawaru's second power
 11932 | D:11     | Reached skill level 10 in Long Blades
 12023 | D:11     | Noticed a skeletal warrior
 12023 | D:11     | Noticed a skeletal warrior
 12023 | D:11     | Noticed a skeletal warrior
 12104 | D:11     | Killed a skeletal warrior
 12104 | D:11     | Received a gift from Okawaru
 12115 | D:11     | Killed a skeletal warrior
 12115 | D:11     | Received a gift from Okawaru
 12121 | D:11     | Mangled by a skeletal warrior

Vault maps used:
D:1:      lemuel_arrival_river_ford, st_stairs_4
D:2:      kennysheep_big_flooded_room, uniq_iyjb, uniq_crazy_yiuf_cottage
D:3:      uniq_natasha
D:5:      nicolae_ru_sacrificial_ziggurat, first_bread
D:6:      wad_crossroads, minmay_temple_entry_from_below_a,
          eino_small_chamber_without_monster, kennysheep_flooded_box,
          uniq_blork_the_orc
D:7:      minmay_misc_feat_enclosed, grunt_ogre_cave,
          nicolae_dithmenos_the_darkroom, uniq_duvessa, uniq_joseph,
          uniq_prince_ribbit1
D:8:      lemuel_oklob_altar
D:9:      lair_0_dummy, uniq_grum
Temple:   grunt_circular_temple_18

Action                   |  1- 3 |  4- 6 |  7- 9 | 10-12 || total
-------------------------+-------+-------+-------+-------++-------
Melee: Long sword        |    89 |   158 |   180 |       ||   427
       Falchion          |       |       |   345 |   308 ||   653
       Great sword       |       |       |       |    73 ||    73
Invok: Heroism           |       |       |       |     2 ||     2
Evoke: Wand              |       |     2 |     8 |       ||    10
  Use: Potion            |       |     1 |     7 |     2 ||    10
       Scroll            |       |       |    17 |     2 ||    19
  Eat: Chunk             |     1 |     8 |    19 |     9 ||    37
